AA
MIRAMAR MAVERICKS @ BLOOMINGTON CARDINALS
08/24/2059
 
TOP OF THE 1ST
Miramar Mavericks batting - Pitching for Bloomington Cardinals : RHP Kasey Wolf
Pitching: RHP Kasey Wolf
Batting: RHB Sheridan Anuenue 0-0: Called Strike
0-1: Ball
1-1: Foul Ball, location: 2F
1-2: SINGLE (Groundball, 6MD, EV 104.4 MPH)
Batting: RHB Henry DiLoreto 0-0: Ball
1-0: Ball
2-0: Called Strike
2-1: Swinging Strike
2-2: Fielders Choice at 2nd, 4-6 (Groundball, 4, EV 105.6 MPH)
Batting: RHB Tate Elliott 0-0: Ball
1-0: Swinging Strike
1-1: Ball
2-1: Foul Ball, location: 2F
2-2: Strikes out swinging
Batting: LHB Tommy Tar 0-0: Ball
1-0: Ball
2-0: Ball
3-0: Called Strike
3-1: Called Strike
Henry DiLoreto steals 2nd base
3-2: Strikes out swinging
Top of the 1st over - 0 runs, 1 hit, 0 errors, 1 left on base; Miramar 0 - Bloomington 0
BOTTOM OF THE 1ST
Bloomington Cardinals batting - Pitching for Miramar Mavericks : RHP Schuyler Ferko
Pitching: RHP Schuyler Ferko
Batting: RHB Davey Eastman 0-0: Foul Ball, location: 2F
0-1: Ball
1-1: Ball
2-1: Foul Ball, location: 2F
2-2: Foul Ball, location: 2F
2-2: Foul Ball, location: 2F
2-2: Foul Ball, location: 2F
2-2: Ball
3-2: DOUBLE (Line Drive, 89D, EV 113.8 MPH)
Batting: LHB Kendall Loflin 0-0: Called Strike
0-1: Ball
1-1: Called Strike
1-2: Ball
2-2: Fly out, F6 (Popup, 4M, EV 67.5 MPH)
Batting: RHB Johnny Jackson 0-0: Ball
Davey Eastman steals 3rd base
1-0: Called Strike
1-1: Called Strike
1-2: Foul Ball, location: 2F
1-2: Strikes out looking
Batting: SHB Davin Baker 0-0: Called Strike
0-1: Ball
1-1: Swinging Strike
1-2: Ball
2-2: Ball
3-2: Base on Balls
Batting: RHB Jessie Himes 0-0: Called Strike
0-1: Foul Ball, location: 2F
0-2: Ball
1-2: Ball
2-2: Ball
3-2: Fly out, F7 (Flyball, 78M, EV 91.2 MPH)
Bottom of the 1st over - 0 runs, 1 hit, 0 errors, 2 left on base; Miramar 0 - Bloomington 0
TOP OF THE 2ND
Miramar Mavericks batting - Pitching for Bloomington Cardinals : RHP Kasey Wolf
Batting: RHB Brian Lemon 0-0: Ball
1-0: Ground out 6-3 (Groundball, 56, EV 86.2 MPH)
Batting: SHB Davin Byers 0-0: SINGLE (Groundball, 34S, EV 71.2 MPH) (infield hit)
Batting: RHB Toney Alexandru 0-0: Ball
1-0: Grounds into double play, 5-4-3 (Groundball, 56, EV 82.5 MPH)
Top of the 2nd over - 0 runs, 1 hit, 0 errors, 0 left on base; Miramar 0 - Bloomington 0
BOTTOM OF THE 2ND
Bloomington Cardinals batting - Pitching for Miramar Mavericks : RHP Schuyler Ferko
Batting: SHB Wade Carter 0-0: Fly out, F7 (Flyball, 7D, EV 98.8 MPH)
Batting: SHB Weston Borron 0-0: Ball
1-0: Called Strike
1-1: SINGLE (Groundball, 25, EV 70.0 MPH) (infield hit)
Batting: RHB Derrick Shannon 0-0: Ball
1-0: Called Strike
1-1: Ball
2-1: Swinging Strike
2-2: Ball
3-2: Strikes out swinging
Weston Borron steals 2nd base
Batter strikes out.
Batting: RHB Kristian Malley 0-0: Called Strike
0-1: Ball
1-1: Foul Ball, location: 2F
1-2: Ground out 6-3 (Groundball, 6, EV 106.2 MPH)
Bottom of the 2nd over - 0 runs, 1 hit, 0 errors, 1 left on base; Miramar 0 - Bloomington 0
TOP OF THE 3RD
Miramar Mavericks batting - Pitching for Bloomington Cardinals : RHP Kasey Wolf
Batting: RHB D'Vaughn Lin 0-0: Ball
1-0: Called Strike
1-1: SINGLE (Groundball, 6MD, EV 108.8 MPH)
Batting: RHB Kei'Varae Tran 0-0: Ball
1-0: Grounds into double play, 6-4-3 (Groundball, 6, EV 95.0 MPH)
Batting: RHB Sheridan Anuenue 0-0: Fly out, F4 (Popup, 4, EV 72.5 MPH)
Top of the 3rd over - 0 runs, 1 hit, 0 errors, 0 left on base; Miramar 0 - Bloomington 0
BOTTOM OF THE 3RD
Bloomington Cardinals batting - Pitching for Miramar Mavericks : RHP Schuyler Ferko
Batting: RHB Davey Eastman 0-0: Foul Ball, location: 2F
0-1: Swinging Strike
0-2: Ball
1-2: Strikes out swinging
Batting: LHB Kendall Loflin 0-0: Ball
1-0: Foul Ball, location: 2F
1-1: Foul Ball, location: 2F
1-2: Foul Ball, location: 2F
1-2: Foul Ball, location: 2F
1-2: Strikes out looking
Batting: RHB Johnny Jackson 0-0: Ball
1-0: Ball
2-0: Ball
3-0: Called Strike
3-1: Base on Balls
Batting: SHB Davin Baker 0-0: Ground out 4-3 (Groundball, 4, EV 86.9 MPH)
Bottom of the 3rd over - 0 runs, 0 hits, 0 errors, 1 left on base; Miramar 0 - Bloomington 0
TOP OF THE 4TH
Miramar Mavericks batting - Pitching for Bloomington Cardinals : RHP Kasey Wolf
Batting: RHB Henry DiLoreto 0-0: Foul Ball, location: 2F
0-1: Ball
1-1: Foul Ball, location: 2F
1-2: Ground out 4-3 (Groundball, 4, EV 91.2 MPH)
Batting: RHB Tate Elliott 0-0: Ball
1-0: Foul Ball, location: 2F
1-1: Called Strike
1-2: Ball
2-2: Ball
3-2: Strikes out swinging
Batting: LHB Tommy Tar 0-0: Fly out, F7 (Flyball, 7, EV 86.9 MPH)
Top of the 4th over - 0 runs, 0 hits, 0 errors, 0 left on base; Miramar 0 - Bloomington 0
BOTTOM OF THE 4TH
Bloomington Cardinals batting - Pitching for Miramar Mavericks : RHP Schuyler Ferko
Batting: RHB Jessie Himes 0-0: Ball
1-0: Ball
2-0: Ball
3-0: Called Strike
3-1: Base on Balls
Batting: SHB Wade Carter 0-0: Ball
1-0: Called Strike
Jessie Himes is caught stealing 2nd base 2-6
1-1: Called Strike
1-2: Strikes out swinging
Batting: SHB Weston Borron 0-0: Ball
1-0: Ball
2-0: Ball
3-0: Called Strike
3-1: Foul Ball, location: 2F
3-2: Foul Ball, location: 2F
3-2: Strikes out looking
Bottom of the 4th over - 0 runs, 0 hits, 0 errors, 0 left on base; Miramar 0 - Bloomington 0
TOP OF THE 5TH
Miramar Mavericks batting - Pitching for Bloomington Cardinals : RHP Kasey Wolf
Batting: RHB Brian Lemon 0-0: Foul Ball, location: 2F
0-1: Foul Ball, location: 2F
0-2: Ball
1-2: Ground out 5-3 (Groundball, 56S, EV 86.9 MPH)
Batting: SHB Davin Byers 0-0: SINGLE (Line Drive, 9S, EV 104.4 MPH)
Batting: RHB Toney Alexandru 0-0: Called Strike
0-1: Called Strike
0-2: Strikes out looking
Batting: RHB D'Vaughn Lin 0-0: Swinging Strike
0-1: Ground out 5-3 (Groundball, 5S, EV 64.4 MPH)
Top of the 5th over - 0 runs, 1 hit, 0 errors, 1 left on base; Miramar 0 - Bloomington 0
BOTTOM OF THE 5TH
Bloomington Cardinals batting - Pitching for Miramar Mavericks : RHP Schuyler Ferko
Batting: RHB Derrick Shannon 0-0: Called Strike
0-1: Ball
1-1: Called Strike
1-2: Ground out 5-3 (Groundball, 56, EV 90.6 MPH)
Batting: RHB Kristian Malley 0-0: Ball
1-0: Swinging Strike
1-1: Ground out 6-3 (Groundball, 56, EV 83.1 MPH)
Batting: RHB Davey Eastman 0-0: SINGLE (Groundball, 56D, EV 98.1 MPH)
Batting: LHB Kendall Loflin 0-0: Swinging Strike
0-1: Ball
1-1: Swinging Strike
1-2: Fly out, F8 (Flyball, 8LM, EV 87.5 MPH)
Bottom of the 5th over - 0 runs, 1 hit, 0 errors, 1 left on base; Miramar 0 - Bloomington 0
TOP OF THE 6TH
Miramar Mavericks batting - Pitching for Bloomington Cardinals : RHP Kasey Wolf
Batting: RHB Kei'Varae Tran 0-0: Fly out, F3 (Popup, 3S, EV 73.1 MPH)
Batting: RHB Sheridan Anuenue 0-0: Ball
1-0: Ball
2-0: Called Strike
2-1: Swinging Strike
2-2: Strikes out swinging, 2-3 out at first.
Batting: RHB Henry DiLoreto 0-0: Called Strike
0-1: Ball
1-1: Ball
2-1: Foul Ball, location: 2F
2-2: Ball
3-2: Fly out, F9 (Line Drive, 9, EV 91.2 MPH)
Top of the 6th over - 0 runs, 0 hits, 0 errors, 0 left on base; Miramar 0 - Bloomington 0
BOTTOM OF THE 6TH
Bloomington Cardinals batting - Pitching for Miramar Mavericks : RHP Schuyler Ferko
Batting: RHB Johnny Jackson 0-0: Fly out, F8 (Flyball, 78D, EV 101.2 MPH)
Batting: SHB Davin Baker 0-0: Ball
1-0: Ball
2-0: Called Strike
2-1: Swinging Strike
2-2: Strikes out swinging
Batting: RHB Jessie Himes 0-0: Ball
1-0: Foul Ball, location: 2F
1-1: Ball
2-1: Swinging Strike
2-2: Ball
3-2: Ground out 5-3 (Groundball, 56S, EV 70.0 MPH)
Bottom of the 6th over - 0 runs, 0 hits, 0 errors, 0 left on base; Miramar 0 - Bloomington 0
TOP OF THE 7TH
Miramar Mavericks batting - Pitching for Bloomington Cardinals : RHP Kasey Wolf
Batting: RHB Tate Elliott 0-0: Ball
1-0: Called Strike
1-1: Ball
2-1: Fly out, F7 (Flyball, 78S, EV 90.0 MPH)
Batting: LHB Tommy Tar 0-0: Foul Ball, location: 2F
0-1: Ball
1-1: Fly out, F8 (Flyball, 8RS, EV 91.2 MPH)
Batting: RHB Brian Lemon 0-0: Ball
1-0: Ball
2-0: Called Strike
2-1: Swinging Strike
2-2: DOUBLE (Line Drive, 78D, EV 115.0 MPH)
Batting: SHB Davin Byers 0-0: Ball
1-0: Ball
2-0: Ball
3-0: SINGLE (Line Drive, 34, EV 103.8 MPH)
Brian Lemon to third
Runner from 3rd tries for Home, throw by RF and OUT! 9-2
Top of the 7th over - 0 runs, 2 hits, 0 errors, 1 left on base; Miramar 0 - Bloomington 0
BOTTOM OF THE 7TH
Bloomington Cardinals batting - Pitching for Miramar Mavericks : RHP Schuyler Ferko
Pitching: LHP Jaden DiBartolomeo
Batting: SHB Wade Carter 0-0: Ball
1-0: Called Strike
1-1: Fly out, F2 (Popup, 15S, EV 91.9 MPH)
Batting: SHB Weston Borron 0-0: Ball
1-0: Foul Ball, location: 2F
1-1: Ball
2-1: Ball
3-1: Base on Balls
Batting: RHB Derrick Shannon 0-0: Called Strike
0-1: Ball
Weston Borron is caught stealing 2nd base 2-4
1-1: Ball
2-1: Swinging Strike
2-2: Foul Ball, location: 2F
2-2: Strikes out swinging
Bottom of the 7th over - 0 runs, 0 hits, 0 errors, 0 left on base; Miramar 0 - Bloomington 0
TOP OF THE 8TH
Miramar Mavericks batting - Pitching for Bloomington Cardinals : RHP Kasey Wolf
Batting: RHB Toney Alexandru 0-0: Foul Ball, location: 2F
0-1: Ball
1-1: Foul Ball, location: 2F
1-2: Ground out 6-3 (Groundball, 6, EV 94.4 MPH)
Batting: RHB D'Vaughn Lin 0-0: Called Strike
0-1: Called Strike
0-2: Ball
1-2: Ball
2-2: Strikes out looking
Batting: RHB Kei'Varae Tran 0-0: Ball
1-0: Fly out, F8 (Flyball, 89D, EV 80.6 MPH)
Top of the 8th over - 0 runs, 0 hits, 0 errors, 0 left on base; Miramar 0 - Bloomington 0
BOTTOM OF THE 8TH
Bloomington Cardinals batting - Pitching for Miramar Mavericks : LHP Jaden DiBartolomeo
Batting: RHB Kristian Malley 0-0: Foul Ball, location: 2F
0-1: Foul Ball, location: 2F
0-2: Ball
1-2: Ball
2-2: Foul Ball, location: 2F
2-2: TRIPLE (Line Drive, 8RXD, EV 101.9 MPH)
Batting: RHB Davey Eastman 0-0: Intentional Walk
Pinch Hitting: RHB Parker Hayek 0-0: Ball
1-0: Called Strike
1-1: Ground out 6-3 (Groundball, 6, EV 85.0 MPH)
Davey Eastman to second
Batting: RHB Johnny Jackson 0-0: Intentional Walk
Batting: SHB Davin Baker 0-0: Grounds into fielders choice 1-2 (Groundball, P, EV 67.5 MPH)
Davey Eastman to third
Johnny Jackson to second
Batting: RHB Jessie Himes 0-0: Called Strike
0-1: GRAND SLAM HOME RUN (Flyball, 7D, EV 97.5 MPH), Distance : 369 ft
Pitching: RHP Tommy Timmins
Batting: SHB Wade Carter 0-0: Called Strike
0-1: SINGLE (Line Drive, 6MD, EV 93.8 MPH)
Batting: SHB Weston Borron 0-0: Called Strike
0-1: Swinging Strike
0-2: Ball
1-2: Ball
2-2: Ball
3-2: Strikes out looking
Bottom of the 8th over - 4 runs, 3 hits, 0 errors, 1 left on base; Miramar 0 - Bloomington 4
TOP OF THE 9TH
Miramar Mavericks batting - Pitching for Bloomington Cardinals : RHP Kasey Wolf
Pitching: LHP Hagen Huerta
Now at SS: Johnny Bunkley
Now in RF: Bobby Gerety
Batting: RHB Sheridan Anuenue 0-0: Called Strike
0-1: Called Strike
0-2: Foul Ball, location: 2F
0-2: Strikes out looking
Batting: RHB Henry DiLoreto 0-0: Foul Ball, location: 2F
0-1: Fly out, F8 (Flyball, 8RXD, EV 105.0 MPH)
Batting: RHB Tate Elliott 0-0: Ball
1-0: Foul Ball, location: 2F
1-1: Swinging Strike
1-2: Strikes out looking
Top of the 9th over - 0 runs, 0 hits, 0 errors, 0 left on base; Miramar 0 - Bloomington 4
Monday, March 25th , 2024 - OOTP Baseball 23.10 Build 110